 Dungeon Crawl Stone Soup version 0.27.0-1-g7a089689b8 (webtiles) character file.

Game seed: 12205727951216672243

97 graki42 the Conjurer (level 4, -2/27 HPs)
             Began as an Octopode Conjurer on Aug 1, 2021.
             Slain by Grinder (3 damage)
             ... while paralysed by Grinder
             ... on level 3 of the Dungeon.
             The game lasted 00:04:48 (2418 turns).

graki42 the Conjurer (Octopode Conjurer)            Turns: 2418, Time: 00:04:49

Health: -2/27      AC:  1    Str:  7    XL:     4   Next: 68%
Magic:  1/8        EV:  2    Int: 20    God:
Gold:   113        SH:  0    Dex: 10    Spells: 1/8 levels left

rFire    . . .     SeeInvis .   (no weapon)
rCold    . . .     Faith    .   (no shield)
rNeg     . . .     Spirit   .   (helmet restricted)
rPois    .         Reflect  .   (no amulet)
rElec    .         Harm     .   (no ring)
rCorr    .         Rampage  .   (no ring)
Will     .....                  (no ring)
Stlth    +++.......             (no ring)
HPRegen  0.09/turn              (no ring)
MPRegen  0.11/turn              (no ring)
                                (no ring)
                                (no ring)

@: paralysed
A: almost no armour, amphibious, 8 rings, camouflage 1, gelatinous body 1,
(nimble swimmer 1), tentacles
a: no special abilities


You were on level 3 of the Dungeon.
You visited 1 branch of the dungeon, and saw 3 of its levels.

You collected 113 gold pieces.

Inventory:

Wands
 i - a wand of acid (3)
Scrolls
 b - 2 scrolls of blinking {unknown}
 c - 2 scrolls of identify {unknown}
 d - a scroll of holy word {unknown}
 f - 2 scrolls of teleportation {unknown}
 g - a scroll of noise {unknown}
Potions
 a - a potion of invisibility {unknown}
 e - a potion of resistance {unknown}
 h - a potion of berserk rage {unknown}


   Skills:
 - Level 3.0 Dodging
 - Level 3.0 Stealth
 + Level 2.9 Spellcasting
 + Level 4.6 Conjurations
 + Level 0.7 Hexes


You had one spell level left.
You knew the following spells:

 Your Spells              Type           Power      Damage    Failure   Level
a - Magic Dart            Conj           84%        1d7       2%          1
b - Searing Ray           Conj           42%        3d4       3%          2
c - Fulminant Prism       Conj/Hex       6%         3d7       43%         4

Your spell library contained the following spells:

 Spells                   Type           Power      Damage    Failure   Level
 Dazzling Flash           Conj/Hex       26%        N/A       14%         3
 Iskenderun's Mystic Bla  Conj/Tloc      12%        2d5       50%         4


Dungeon Overview and Level Annotations

Branches:
Dungeon (3/15)

Altars:
Ashenzari

Annotations:
D:3 Grinder


Innate Abilities, Weirdness & Mutations

You cannot wear most types of armour.
You are amphibious.
You can wear up to eight rings at the same time.
Your skin changes colour to match your surroundings (Stealth+).
Your rubbery body absorbs attacks. (AC +1, EV +1)
((You are camouflaged near water. (Stealth+)))
You have tentacles for arms and can constrict up to eight enemies at once.


Message History

Aiming: Searing Ray (safe; 3% risk of failure)
Press: ? - help, Shift-Dir - straight line, f - Grinder
Aim: Grinder (asleep, 100% to hit)
The searing ray hits Grinder.
Grinder is lightly wounded.
Grinder shouts! (Press . to maintain the ray.)
The searing ray hits Grinder!
Grinder is moderately wounded.
The searing ray hits Grinder.
Grinder is heavily wounded.
The searing ray hits Grinder.
Grinder is severely wounded.
You finish channeling your searing ray.
Grinder blinks!
Unknown command.
You see here a quokka corpse.
Casting: Searing Ray (safe; 3% risk of failure)
Confirm with . or Enter, or press ? or * to list all spells.
Aiming: Searing Ray (safe; 3% risk of failure)
Press: ? - help, Shift-Dir - straight line, f/p - Grinder
Aim: Grinder (heavily wounded, 75% to hit)
The searing ray hits Grinder!
Grinder is severely wounded. (Press . to maintain the ray.) Unknown command.
The searing ray hits Grinder.
Grinder is almost dead.
Grinder gestures at you.
You suddenly lose the ability to move!
Grinder gestures at you. Pain shoots through your body!
Grinder gestures at you. Pain shoots through your body!
* * * LOW HITPOINT WARNING * * *
Grinder gestures at you.
You shrug off the repeated paralysis!
Grinder hits you.
* * * LOW HITPOINT WARNING * * *
You writhe in agony.
You die...

..# .#...# #.# .#5..#
#.# #.....# #.# #...5.#
#.# #.../.### #.#
§...... #.####.....#
#.####..@5.?#...#
#?....#.#####...#
#####.#.......>.#
#######.#.######..##
#....†.........#...#
#.#####.#.####.###.#####
#.#.# #.......#.. #.#.#
#####.#.#.# #.#..
#.#.#.#


You could see Grinder.

Vanquished Creatures
  Jessica (D:2)
  2 adders (D:2)
  A dart slug (D:2)
  4 orcs (D:2)
  5 ball pythons
  3 bats
  4 endoplasms
  4 giant cockroaches
  4 goblins
  A hobgoblin (D:3)
  2 quokkas
  2 frilled lizards
  4 kobolds
  9 rats
46 creatures vanquished.

Vanquished Creatures (others)
  3 withered plants (D:2)
3 creatures vanquished.

Grand Total: 49 creatures vanquished

Notes
Turn   | Place    | Note
-------+----------+-------------------------------------------
     0 | D:1      | graki42 the Octopode Conjurer began the quest for the Orb.
     0 | D:1      | Reached XP level 1. HP: 11/11 MP: 3/3
   262 | D:1      | Reached XP level 2. HP: 17/17 MP: 3/5
   301 | D:1      | Learned a level 2 spell: Searing Ray
  1150 | D:2      | Reached XP level 3. HP: 21/21 MP: 1/6
  1369 | D:2      | Noticed Jessica
  1374 | D:2      | Killed Jessica
  1375 | D:2      | Reached XP level 4. HP: 27/27 MP: 3/8
  1426 | D:2      | Learned a level 4 spell: Fulminant Prism
  1803 | D:2      | Found a faded altar of an unknown god.
  2283 | D:3      | Found a broken altar of Ashenzari.
  2322 | D:3      | Noticed Grinder
  2414 | D:3      | Paralysed by Grinder for 5 turns
  2418 | D:3      | HP: 1/27 [Grinder (4)]
  2418 | D:3      | Slain by Grinder

Illustrated notes

Levels and vault maps discovered:
D:1:      nicolae_arrival_washed_ashore, layout_loops_ring
D:2:      layout_basic, ebering_ecumenical_altar_petrified, dk_noncrumbling_2,
          uniq_jessica
D:3:      layout_basic, ashenzari_altar_1, uniq_grinder

Skill      XL: |  1  2  3  4 |
---------------+-------------+-----
Stealth        | 3 |  3.0
Dodging        | 3 |  3.0
Spellcasting   | |  2.9
Conjurations   | |  4.6
Hexes          | |  0.7

Action                   |  1- 3 |  4- 6 || total
-------------------------+-------+-------++-------
 Cast: Magic Dart        |    47 |    29 ||    76
       Searing Ray       |     3 |     4 ||     7
Dodge: Dodged            |     1 |     1 ||     2
